 Dungeon Crawl Stone Soup version 0.24-a0-201-gf205589 (webtiles) character file.

Game seed: 15376645464007832336

725 tilp the Ruffian (level 7, 0/72 HPs)
             Began as a Troll Berserker on Mar 20, 2019.
             Was a Priest of Trog.
             Slain by a wyvern (17 damage)
             ... on level 5 of the Dungeon.
             The game lasted 00:06:47 (2161 turns).

tilp the Ruffian (Troll Berserker)                  Turns: 2161, Time: 00:06:48

Health: 0/72       AC:  6    Str: 28    XL:     7   Next: 43%
Magic:  6/6        EV: 10    Int:  3    God:    Trog [***...]
Gold:   228        SH:  0    Dex:  9    Spells: 6/6 levels left

rFire    . . .     SeeInvis .     - Unarmed
rCold    . . .     Gourm    +   (no shield)
rNeg     . . .     Faith    .   a - +0 animal skin
rPois    .         Spirit   .   (helmet restricted)
rElec    .         Reflect  .   (no cloak)
rCorr    .         Harm     .   (gloves unavailable)
MR       .....                  (boots unavailable)
Stlth    +.........             (no amulet)
HPRegen  0.62/turn              (no ring)
MPRegen  0.10/turn              (no ring)

@: berserk cooldown, slowed, very slow
A: large, unfitting armour, claws 3, fast metabolism 3, gourmand, regeneration
1, shaggy fur 1, tough skin 3
a: Berserk, Trog's Hand, Renounce Religion


You were on level 5 of the Dungeon.
You worshipped Trog.
Trog was most pleased with you.
You were very full.

You visited 1 branch of the dungeon, and saw 5 of its levels.
You also visited: Sewer.

You collected 228 gold pieces.

Inventory:

Missiles
 h - 123 stones (quivered)
 j - 35 sling bullets
Armour
 a - a +0 animal skin (worn)
 m - a +2 shield of reflection
Jewellery
 c - a +3 amulet of reflection {unknown}
Scrolls
 d - a scroll of teleportation
 g - a scroll of fog
 l - a scroll of remove curse
 n - a scroll of blinking {unknown}
 p - a scroll of noise {unknown}
 q - a scroll of identify {unknown}
Potions
 e - 2 potions of flight {unknown}
 k - 2 potions of lignification {unknown}
 o - 2 potions of haste {unknown}
 r - 2 potions of agility {unknown}
 s - 3 potions of curing {unknown}
 t - 2 potions of might {unknown}
 u - 4 potions of heal wounds {unknown}
Comestibles
 b - 8 rations
 f - 2 chunks of flesh


   Skills:
 + Level 5.4 Fighting
 - Level 2.4 Dodging
 + Level 6.5 Unarmed Combat


You had 6 spell levels left.
You didn't know any spells.
Your spell library was empty.

Dungeon Overview and Level Annotations

Branches:
Dungeon (5/15)             Temple (0/1) D:4

Altars:
Wu Jian

Annotations:
D:5 Edmund


Innate Abilities, Weirdness & Mutations

You are too large for most types of armour.
You have claws for hands.
Your metabolism is lightning-fast.
You like to eat raw meat.
Your natural rate of healing is unusually fast.
You are covered in fur. (AC +1)
You have extremely tough skin. (AC +3)


Message History

You are too injured to fight recklessly!
You are too injured to fight recklessly!
You scratch Edmund.
Edmund is lightly wounded.
The wyvern barely misses you. The shadow imp barely misses you.
Edmund hits you with a +1 dire flail of protection.
You closely miss the wyvern.
The wyvern is almost dead.
You are no longer berserk.
You are exhausted.
You feel yourself slow down. The wyvern closely misses you.
The shadow imp gestures at you. Pain shoots through your body!
The wyvern bites you!
Edmund hits you with a +1 dire flail of protection.
Some of the chunks of flesh in your inventory have rotted away.
The wyvern bites you!
* * * LOW HITPOINT WARNING * * *
The shadow imp misses you. The wyvern bites you!
You die...

...............
..............
............. .
#.......$... ..
##...........
...#............
.......@......#
.......l5....#..
.......@........
.....<..........
................
................
.......#........
...........##...
#...#....... ...
##..... ..#..


You could see Edmund, a wyvern and a shadow imp.

Vanquished Creatures
  An ogre (D:4)
  A phantom (D:4)
  4 big kobolds (Sewer)
  A centaur skeleton (D:4)
  2 hounds (D:4)
  2 iguanas (D:4)
  2 adders
  2 river rats (D:4)
  2 oozes
  A worm (D:2)
  3 leopard geckos
  8 orcs (D:3)
  5 ball pythons
  4 giant cockroaches
  5 goblins
  2 hobgoblins
  9 jackals
  A quokka (D:2)
  9 bats
  7 frilled lizards
  13 kobolds
  10 rats
94 creatures vanquished.

Notes
Turn   | Place    | Note
-------+----------+-------------------------------------------
     0 | D:1      | tilp the Troll Berserker began the quest for the Orb.
     0 | D:1      | Reached XP level 1. HP: 22/22 MP: 0/0
   251 | D:1      | Reached XP level 2. HP: 29/29 MP: 1/1
   469 | D:2      | Reached XP level 3. HP: 36/37 MP: 2/2
   586 | D:2      | Reached ** piety under Trog
  1088 | D:3      | Reached skill level 4 in Unarmed Combat
  1137 | D:3      | Reached XP level 4. HP: 43/45 MP: 3/3
  1253 | D:4      | Reached XP level 5. HP: 47/54 MP: 4/4
  1296 | D:4      | Found a staircase to the Ecumenical Temple.
  1433 | D:4      | Noticed an ogre
  1440 | D:4      | Killed an ogre
  1440 | D:4      | Reached skill level 5 in Unarmed Combat
  1468 | D:4      | Noticed a phantom
  1482 | D:4      | Killed a phantom
  1482 | D:4      | Reached XP level 6. HP: 60/63 MP: 5/5
  1611 | D:4      | Found an ornate altar of the Wu Jian Council.
  1742 | D:4      | Found a glowing drain.
  1761 | Sewer    | Entered a sewer
  1790 | Sewer    | Reached *** piety under Trog
  1886 | Sewer    | Reached skill level 5 in Fighting
  1886 | Sewer    | Reached skill level 6 in Unarmed Combat
  1886 | Sewer    | Reached XP level 7. HP: 52/72 MP: 6/6
  2144 | D:5      | Entered Level 5 of the Dungeon
  2144 | D:5      | Noticed Edmund
  2144 | D:5      | Noticed a wyvern
  2161 | D:5      | Slain by a wyvern

Levels and vault maps discovered:
D:1:      dpeg_arrival_water_fire, layout_basic, minmay_small_reverse_x
D:2:      kennysheep_six_static_rooms, layout_rooms,
          wander_ebering_terrifying_dragon_lair
D:3:      layout_basic
D:4:      layout_gridville, nicolae_overflow_crystal_walls,
          minmay_temple_entry_gardened_gates, portal_sewer_entry_b, first_ration
D:5:      layout_layer_cave, gammafunk_ghost_nasty_kobolds, uniq_edmund,
          uniq_ijyb
Sewer:    kennysheep_pipe_town

Skill      XL: |  1  2  3  4  5  6 |
---------------+-------------------+-----
Fighting       | 3 4 5 |  5.4
Unarmed Combat | 4 5 6 |  6.5
Dodging        | |  2.4

Action                   |  1- 3 |  4- 6 |  7- 9 || total
-------------------------+-------+-------+-------++-------
Melee: Unarmed           |   110 |   106 |    60 ||   276
       Punch             |     1 |     2 |       ||     3
Throw: Stone             |     1 |       |       ||     1
Invok: Berserk           |       |       |     1 ||     1
  Use: Scroll            |     2 |       |     3 ||     5
  Eat: Chunk             |    16 |     7 |     3 ||    26
Armor: Animal skin       |    43 |    33 |    25 ||   101
Dodge: Dodged            |    63 |    59 |    44 ||   166

Table legend:
 A = Non-vault XP
 B = Vault XP
 C = Vault XP percentage of total XP
 D = Non-vault monster count
 E = Vault monster count
 F = Vault count percentage of total count
                 A         B        C        D         E       F
            +---------+---------+-------+---------+---------+-------
      Total |     543 |     493 |  47.6 |      53 |      41 |  43.6
            +---------+---------+-------+---------+---------+-------
        D:1 |      14 |       7 |  33.3 |       8 |       4 |  33.3
        D:2 |      38 |      11 |  22.4 |      18 |       7 |  28.0
        D:3 |      46 |       0 |   0.0 |      14 |       0 |   0.0
        D:4 |     445 |      30 |   6.3 |      13 |       6 |  31.6
      Sewer |       0 |     445 | 100.0 |       0 |      24 | 100.0
            +---------+---------+-------+---------+---------+-------
